 Dungeon Crawl Stone Soup version 0.29.0-13-gc9e81de378 (webtiles) character file.

Game seed: 1132850647387554744

10395 tilp the Merchant of Misery (level 11, 0/86 HPs)
             Began as a Mummy Necromancer on Sept 8, 2022.
             Was a Believer of Kikubaaqudgha.
             Slain by a boulder beetle (58 damage)
             ... on level 10 of the Dungeon.
             The game lasted 00:23:01 (15683 turns).

tilp the Merchant of Misery (Mummy Necromancer)    Turns: 15683, Time: 00:23:02

Health: 0/86       AC:  7    Str: 12    XL:     11   Next: 35%
Magic:  21/30      EV: 13    Int: 25    God:    Kikubaaqudgha [**....]
Gold:   636        SH:  0    Dex: 14    Spells: 8/24 levels left

rFire   x . .      SeeInvis .   b - +8 rapier of Meoset {vorpal, Will+ Dex+2 Stlth+}
rCold   + . .      Faith    .   (no shield)
rNeg    + + +      Spirit   .   t - +2 robe {Archmagi} rPois āˆž Reflect .
                                x - +0 helmet
rElec   .          Harm     .   (no cloak)
rCorr   .          Rampage  .   o - +0 pair of gloves
Will    ++...      Archmagi +   s - +0 pair of boots
Stlth   ++++......              (no amulet)
HPRegen 0.24/turn               c - +6 ring of intelligence
MPRegen 0.22/turn               G - ring of magical power

@: no status effects
A: cold resistance 1, negative energy resistance 3, torment resistance 2, heat
vulnerability 1, in touch with death 1, no potions
a: Renounce Religion, Unearth Wretches


You were on level 10 of the Dungeon.
You worshipped Kikubaaqudgha.
Kikubaaqudgha was pleased with you.
You visited 2 branches of the dungeon, and saw 11 of its levels.

You collected 711 gold pieces.
You spent 75 gold pieces at shops.

Inventory:

Hand Weapons
 a - the +9 dagger of Fury {pain, *Rage Fly Str+2}
   (You found it on level 6 of the Dungeon)

   In the hands of one skilled in necromantic magic, it inflicts extra damage on
   living creatures.
   Str:       It affects your strength (+2).
   Fly:       It grants you flight.
   *Rage:     It berserks you when you make melee attacks (+20% chance).
 b - the +8 rapier of Meoset (weapon) {vorpal, Will+ Dex+2 Stlth+}
   (You found it on level 4 of the Dungeon)

   It inflicts extra damage upon your enemies.
   Dex:       It affects your dexterity (+2).
   Will:      It increases your willpower.
   Stlth:     It makes you more stealthy.
 r - a +5 dagger of venom
 z - a +1 whip of electrocution
Missiles
 d - 117 stones
 m - 29 poisoned darts (quivered)
 p - 2 throwing nets
 v - 11 javelins
 A - 4 boomerangs
 E - a curare-tipped dart
Armour
 o - a +0 pair of gloves (worn)
 s - a +0 pair of boots (worn)
 t - a +2 robe of the Archmagi (worn)
 x - a +0 helmet (worn)
 y - a +1 robe of resistance
Magical Staves
 u - a staff of death
Jewellery
 c - a +6 ring of intelligence (left hand)
 j - a ring of resist corrosion
 G - a ring of magical power (right hand)
 H - a ring of willpower
Wands
 w - a wand of quicksilver (16)
 F - a wand of flame (18)
Scrolls
 e - 4 scrolls of identify
 f - 3 scrolls of magic mapping
 g - 5 scrolls of butterflies
 h - a scroll of teleportation
 i - 3 scrolls of vulnerability
 k - 2 scrolls of fear
 l - 2 scrolls of immolation
 n - a scroll of torment
 q - 5 scrolls of poison
 B - a scroll of summoning
 C - a scroll of silence
 D - a scroll of enchant weapon


   Skills:
 + Level 8.1 Fighting
 - Level 6.0 Staves
 + Level 4.1 Dodging
 - Level 4.0 Stealth
 + Level 7.2 Spellcasting
 + Level 4.1 Hexes
 * Level 10.2 Necromancy
 + Level 4.2 Evocations


You had 8 spell levels left.
You knew the following spells:

 Your Spells              Type           Power      Damage    Failure   Level
a - Necrotise             Necr           100%       1d9       1%          1
b - Vampiric Draining     Necr           94%        2d12      1%          3
c - Animate Dead          Necr           94%        N/A       1%          4
d - Anguish               Hex/Necr       39%        N/A       3%          4
e - Dispel Undead         Necr           94%        3d30      1%          4

Your spell library contained the following spells:

 Spells                   Type           Power      Damage    Failure   Level
 Agony                    Necr           94%        N/A       2%          5
 Static Discharge         Conj/Air       13%        3-5/arc   10%         2
 Conjure Flame            Conj/Fire      13%        6-21      21%         3
 Ignite Poison            Fire/Tmut/Pois 13%        N/A       21%         3
 Fulminant Prism          Conj/Hex       14%        3d9       28%         4
 Iskenderun's Mystic Bla  Conj/Tloc      13%        2d5       54%         4
 Olgreb's Toxic Radiance  Pois           13%        N/A       54%         4
 Petrify                  Tmut/Erth      13%        N/A       54%         4
 Sticky Flame             Conj/Fire      13%        2d4       54%         4
 Irradiate                Conj/Tmut      6%         3d13      88%         5
 Lee's Rapid Deconstruct  Erth           6%         3d7*      88%         5
 Ozocubu's Refrigeration  Ice            6%         4d8       100%        7
 Ignition                 Fire           6%         3d4       100%        8
 Sublimation of Blood     Necr           Unusable   N/A       N/A         2

Dungeon Overview and Level Annotations

Branches:
Dungeon (10/15)            Temple (1/1) D:5            Lair (0/5) D:10
    Orc (0/2) D:10

Altars:
Ashenzari
Cheibriados
Dithmenos
Fedhas
Gozag
Hepliaklqana
Kikubaaqudgha
Makhleb
Nemelex Xobeh
Okawaru
Qazlal
Ru
Sif Muna
Trog
Uskayaw
Vehumet
Wu Jian
Xom
Yredelemnul

Shops:
D:4 =*   D:5 :

Annotations:
D:7 2 transporters, sausages's ghost, novice MiFi
D:8 1 runed translucent door, exclusion: 2 vault sentinels
D:10 exclusions: centaur warrior and oklob plant


Innate Abilities, Weirdness & Mutations

You are immune to poison.
Your flesh is cold resistant. (rC+)
You are immune to negative energy. (rN+++)
You are immune to unholy pain and torment.
You are vulnerable to heat. (rF-)
You are in touch with the powers of death.
You do not drink.


Message History

Casting: Anguish (dangerous; 3% risk of failure)
Press: ? - help, Dir - look around, f - activate You feel a strong surge of power!
The boulder beetle is haunted by guilt!
The boulder beetle curls into a ball and begins rolling!
Unknown command.
Unknown command.
Unknown command.
Found a runed copper ring.
You see here 22 gold pieces.
Unknown command.
Aiming: Quicksilver Bolt
Press: ? - help, Shift-Dir - straight line, f - boulder beetle
Aim: a boulder beetle (rolling, ally target, anguished, 100% to hit)
The bolt of dispelling energy hits the boulder beetle!
The boulder beetle is lightly wounded.
The boulder beetle's magical effects unravel!
The boulder beetle hits your yak zombie!
Your yak zombie is destroyed!
The boulder beetle stops rolling and uncurls.
Unknown command.
Unknown command.
Aiming: Quicksilver Bolt
Press: ? - help, Shift-Dir - straight line, f/p - boulder beetle
Aim: a boulder beetle (lightly wounded, ally target, 100% to hit)
The bolt of dispelling energy hits the boulder beetle but does no damage.
The boulder beetle is lightly wounded.
Your yak zombie gores the boulder beetle.
The boulder beetle curls into a ball and begins rolling!
Your yak zombie gores the boulder beetle but does no damage.
Unknown command.
Casting: Anguish (dangerous; 3% risk of failure)
Confirm with . or Enter, or press ? or * to list all spells.
Casting: Anguish (dangerous; 3% risk of failure)
Press: ? - help, Dir - look around, f - activate You feel a strong surge of power!
The boulder beetle is haunted by guilt!
Your yak zombie gores the boulder beetle but does no damage.
The boulder beetle hits you!!!
Ouch! That really hurt!
You die...
Kikubaaqudgha rasps: "You have failed me!
Welcome... oblivion!"

.....#......#...............#
.....#......#...............#
.....#.....##.#########.....#
.....#.....+..# #.....#
.....#.....#..# #.....# #..#
#.....# ###..######+##. ###
#...)ā€ ......... ...
..........@..?.... ...
.........ZB....... ...
#########Zā—‹....... ...
.......... ... ...........
... ............ ...
####......### ... ...=...#
... ###


You could see a boulder beetle (rolling, ally target, anguished) and 2 friendly
yak zombies.

Vanquished Creatures
  2 two-headed ogres
  Pikel (D:7)
  A manticore (D:9)
  A troll (D:9)
  The ghost of Plasmagod the Trooper, an amateur DsGl of Xom (D:4)
  Prince Ribbit (D:7)
  8 yaks
  2 steam dragons (D:8)
  Grum (D:7)
  4 black bears
  2 ice beasts
  3 orc warriors
  The ghost of ZodNigurash the Ruffian, an amateur DrTm (D:4)
  6 centaurs
  3 wolves
  2 phantoms
  2 kobold brigands (D:8)
  A necrophage (D:6)
  4 scorpions
  3 bullfrogs
  2 electric eels (D:4)
  A howler monkey (D:8)
  The ghost of gabibbone the Stinger, a weakling DsVM (D:4)
  A jelly (D:6)
  2 hounds
  2 gnoll boudas (D:6)
  4 orc priests
  Ijyb (D:4)
  Natasha (thrice) (D:2)
  Terence (D:3)
  7 iguanas
  7 orc wizards
  11 adders
  8 gnolls (D:6)
  A shadow imp (D:6)
  An ufetubus (D:5)
  2 worms
  2 dart slugs
  20 orcs
  4 endoplasms
  A giant cockroach (D:2)
  2 goblins (D:1)
  3 hobgoblins
  5 quokkas
  9 ball pythons
  6 bats
  A frilled lizard (D:1)
  12 kobolds
  3 rats
172 creatures vanquished.

Vanquished Creatures (collateral kills)
  A centaur warrior (D:10)
  A troll (D:8)
  2 yaks (D:10)
  A basilisk (D:10)
  A wight (D:8)
  An orc priest (D:10)
  A human zombie (D:8)
  2 orc wizards (D:9)
  A gnoll (D:6)
  5 orcs
  A kobold (D:8)
17 creatures vanquished.

Vanquished Creatures (others)
  A boulder beetle (D:9)
  A two-headed ogre (D:10)
  A cyclops (D:8)
  A centaur zombie (D:10)
  A komodo dragon (D:10)
  A yak (D:10)
  2 steam dragons
  A bullfrog (D:4)
  2 wights (D:8)
  A yak zombie (D:10)
  A bullfrog zombie (D:4)
  A jelly (D:10)
  2 orc priests (D:10)
  2 iguanas
  A hound zombie (D:6)
  A steam dragon zombie (D:8)
  A jelly zombie (D:10)
  3 orc zombies (D:8)
  3 orcs (D:10)
  A bat zombie (D:10)
  A bat (D:10)
  A gnoll zombie (D:6)
  3 kobolds
  6 kobold zombies
  8 plants
  3 withered plants (D:4)
50 creatures vanquished.

Grand Total: 239 creatures vanquished

Notes
Turn   | Place    | Note
-------+----------+-------------------------------------------
     0 | D:1      | tilp the Mummy Necromancer began the quest for the Orb.
     0 | D:1      | Reached XP level 1. HP: 13/13 MP: 4/4
   503 | D:1      | Reached XP level 2. HP: 20/20 MP: 3/5
   693 | D:1      | Reached skill level 1 in Fighting
  1563 | D:2      | Gained mutation: You are in touch with the powers of death.
                  | [Mummy growth]
  1563 | D:2      | Reached XP level 3. HP: 19/26 MP: 0/7
  1715 | D:2      | Learned a level 3 spell: Vampiric Draining
  2051 | D:2      | Found a faded altar of an unknown god.
  2115 | D:2      | Reached XP level 4. HP: 32/33 MP: 4/8
  2488 | D:2      | Learned a level 4 spell: Animate Dead
  2718 | D:3      | Noticed Natasha
  2963 | D:2      | Killed Natasha
  2964 | D:2      | Reached skill level 5 in Necromancy
  3309 | D:3      | Reached XP level 5. HP: 32/39 MP: 5/9
  3575 | D:2      | Noticed Natasha
  3581 | D:2      | Killed Natasha
  3748 | D:2      | Found a faded altar of an unknown god.
  4126 | D:2      | Noticed Natasha
  4130 | D:2      | Killed Natasha
  4374 | D:3      | Noticed Terence
  4379 | D:3      | Killed Terence
  4679 | D:4      | Found Bura's Jewellery Shoppe.
  4698 | D:4      | Identified the +8 rapier of Meoset {vorpal, Will+ Dex+2
                  | Stlth+}
  4714 | D:4      | Found a transporter.
  4734 | D:4      | Found a transporter.
  4788 | D:4      | Noticed Ijyb
  4946 | D:4      | Reached XP level 6. HP: 39/48 MP: 10/10
  5085 | D:4      | Found Xireom's Assorted Antiques.
  5091 | D:4      | Bought a scroll of identify for 50 gold pieces
  5091 | D:4      | Bought a scroll labelled NEASEOJ ARRAHE for 25 gold pieces
  5270 | D:4      | Found a runed translucent gate.
  5270 | D:4      | Found a runed translucent gate.
  5271 | D:4      | Found a runed translucent gate.
  5275 | D:4      | Noticed gabibbone's ghost (weakling DsVM)
  5275 | D:4      | Noticed Plasmagod's ghost (amateur DsGl)
  5279 | D:4      | Noticed ZodNigurash's ghost (amateur DrTm)
  5586 | D:5      | Entered Level 5 of the Dungeon
  5602 | D:5      | Reached skill level 1 in Staves
  5602 | D:5      | Reached skill level 6 in Necromancy
  5695 | D:5      | Found a staircase to the Ecumenical Temple.
  5901 | Temple   | Entered the Ecumenical Temple
  5901 | Temple   | Found a transporter.
  5901 | Temple   | Found a transporter.
  5903 | Temple   | Found a transporter.
  5903 | Temple   | Found a transporter.
  5939 | Temple   | Became a worshipper of Kikubaaqudgha
  6015 | D:5      | Reached XP level 7. HP: 54/54 MP: 1/11
  6201 | D:5      | Found Akhaqyc's Book Shop.
  6423 | D:5      | Noticed a yak
  6423 | D:5      | Noticed a yak
  6424 | D:5      | Noticed a yak
  6488 | D:5      | Noticed a yak
  6489 | D:5      | Noticed a yak
  6490 | D:5      | Killed a yak
  6491 | D:5      | Reached skill level 1 in Evocations
  6763 | D:5      | Killed a yak
  6764 | D:5      | Reached XP level 8. HP: 60/61 MP: 3/13
  6849 | D:5      | Reached skill level 7 in Necromancy
  7153 | D:6      | Reached skill level 5 in Fighting
  7255 | D:6      | Identified the +9 dagger of Fury {pain, *Rage Fly Str+2}
  7858 | D:6      | Reached XP level 9. HP: 65/68 MP: 1/16
  8131 | D:6      | Reached skill level 5 in Spellcasting
  8131 | D:6      | Reached skill level 8 in Necromancy
  8176 | D:6      | Reached * piety under Kikubaaqudgha
  8176 | D:6      | Received a gift from Kikubaaqudgha
  8254 | D:6      | Found a shimmering blue altar of Sif Muna.
  8499 | D:6      | Found a sacrificial altar of Ru.
  8499 | D:6      | Found an iron altar of Okawaru.
  8666 | D:7      | Noticed Prince Ribbit
  8676 | D:7      | Killed Prince Ribbit
  9252 | D:7      | Identified the amulet "Ofan" {Acrobat rN+ Int+3 Dex+4}
  9267 | D:7      | Found a transporter.
  9272 | D:7      | Noticed Pikel
  9295 | D:7      | Killed Pikel
  9679 | D:7      | Found a transporter.
  9724 | D:7      | Noticed sausages's ghost (novice MiFi)
 10130 | D:8      | Noticed a two-headed ogre
 10136 | D:8      | Killed a two-headed ogre
 10137 | D:8      | Reached skill level 9 in Necromancy
 10137 | D:8      | Reached XP level 10. HP: 50/77 MP: 11/19
 10374 | D:8      | Noticed a cyclops
 10474 | D:8      | Noticed Grum
 10479 | D:7      | Killed Grum
 10740 | D:8      | Reached ** piety under Kikubaaqudgha
 10758 | D:8      | Learned a level 4 spell: Anguish
 11111 | D:8      | Killed a cyclops
 11112 | D:8      | Reached skill level 1 in Hexes
 11385 | D:8      | Found a runed translucent door.
 11393 | D:8      | Found a basalt altar of Yredelemnul.
 11485 | D:8      | Reached skill level 5 in Staves
 11976 | D:8      | Noticed a vault sentinel
 11976 | D:8      | Noticed a vault sentinel
 12629 | D:4      | Killed gabibbone's ghost
 12631 | D:4      | Killed Plasmagod's ghost
 12635 | D:4      | Killed ZodNigurash's ghost
 12801 | D:4      | Killed Ijyb
 12857 | D:4      | Learned a level 4 spell: Dispel Undead
 13304 | D:9      | Found a bloodstained altar of Trog.
 13524 | D:9      | HP: 3/79 [centaur/arrow (11)]
 13530 | D:9      | HP: 1/79 [centaur/arrow (4)]
 14648 | D:10     | Entered Level 10 of the Dungeon
 14684 | D:10     | Noticed a two-headed ogre
 14696 | D:10     | Killed a two-headed ogre
 14697 | D:10     | Reached skill level 10 in Necromancy
 14819 | D:10     | Found a staircase to the Lair.
 14821 | D:10     | Noticed an oklob plant
 14869 | D:10     | Found a staircase to the Orcish Mines.
 14873 | D:10     | Reached XP level 11. HP: 69/84 MP: 21/21
 15430 | D:10     | Noticed a centaur warrior
 15459 | D:10     | Killed a centaur warrior
 15655 | D:10     | Noticed a two-headed ogre
 15664 | D:10     | Killed a two-headed ogre
 15677 | D:10     | Noticed a boulder beetle
 15683 | D:10     | Slain by a boulder beetle

Illustrated notes

Levels and vault maps discovered:
D:1:      nicolae_arrival_somewhat_less_tricky_arrival, layout_basic,
          hangedman_glass_teeth
D:2:      cheibrodos_old_hovel, layout_basic, ebering_ecumenical_altar_rust
D:3:      layout_rooms, grunt_decor_resistance, uniq_terence, uniq_natasha
D:4:      gammafunk_steamed_eel, layout_layer_cave, serial_shops,
          nicolae_shop_overgrown_old_shop, gammafunk_ghost_cemetery,
          minmay_shop_enchanted_jewellery, uniq_ijyb
D:5:      layout_rooms, minmay_temple_entry_crystal_x, serial_shops,
          shop_fountains, kennysheep_dice
D:6:      hellmonk_ruined_rings, layout_cave_pods,
          gammafunk_temple_overflow_elements, mainiacjoe_overflow_alcove_1
D:7:      layout_cave_pods, gammafunk_ghost_gnarly_gnolls, uniq_prince_ribbit1,
          uniq_pikel
D:8:      hangedman_cross_stitches, layout_loops_ring, dk_yredelemnul_ordeal,
          hellmonk_guarded_unrand_gong, uniq_grum
D:9:      wander_river, layout_basic, mainiacjoe_overflow_concentric_impassable
D:10:     layout_irregular_city, dpeg_oklobed_lair,
          minmay_orc_entry_temple_small, nzn_sisyphean_effort
Temple:   hellmonk_temple_divided_pantheon

Skill      XL: |  1  2  3  4  5  6  7  8  9 10 11 |
---------------+----------------------------------+-----
Fighting       | 1 2 3 4 5 6 7 8 |  8.1
Spellcasting   | 3 4 6 7 |  7.2
Stealth        | 2 3 4 |  4.0
Dodging        | 2 3 4 |  4.1
Necromancy     | 5 6 7 9 10 | 10.2
Staves         | 2 3 4 5 6 |  6.0
Evocations     | 1 2 3 4 |  4.2
Hexes          | 3 4 |  4.1

Action                   |  1- 3 |  4- 6 |  7- 9 | 10-12 || total
-------------------------+-------+-------+-------+-------++-------
Melee: Staff             |     8 |    14 |       |       ||    22
       Rapier            |       |    20 |    89 |    91 ||   200
       Punch             |       |     1 |     1 |     2 ||     4
Throw: Dart              |       |       |     4 |     1 ||     5
 Cast: Necrotise         |    59 |    52 |    26 |     5 ||   142
       Vampiric Draining |       |    14 |    50 |    44 ||   108
       Animate Dead      |       |       |     2 |     7 ||     9
       Anguish           |       |       |       |    28 ||    28
Invok: Unearth Wretches  |       |       |       |     3 ||     3
Evoke: Wand              |       |       |     2 |     4 ||     6
  Use: Scroll            |     3 |     5 |     2 |     3 ||    13
 Stab: Sleeping          |       |     1 |     9 |     1 ||    11
       Paralysed         |       |       |       |     1 ||     1
Armor: Robe              |     4 |     6 |    30 |    59 ||    99
Dodge: Dodged            |    14 |    26 |   121 |   127 ||   288
